 Dungeon Crawl Stone Soup version 0.31-a0-152-g6aa68a64a1 (webtiles) character file.

Game seed: 5071552597314325553

700 qw the Chopper (level 7, -1/44 HPs)
             Began as a Gargoyle Fighter on June 10, 2023.
             Was an Initiate of Okawaru.
             Slain by a gnoll
             ... wielding a +0 halberd
              (10 damage)
             ... on level 5 of the Dungeon.
             The game lasted 00:01:50 (3134 turns).

qw the Chopper (Gargoyle Fighter)                   Turns: 3134, Time: 00:01:50

Health: -1/44      AC: 13    Str: 22    XL:     7   Next: 65%
Magic:  6/6        EV:  8    Int:  8    God:    Okawaru [......]
Gold:   111        SH:  4    Dex:  9    Spells: 6/6 levels left

rFire   . . .        Y - +0 war axe (freeze)
rCold   + . .        c - +0 buckler
rNeg    + . .        j - +0 chain mail
rPois   inf          (no helmet)
rElec   +            (no cloak)
rCorr   .            (no gloves)
SInv    .            (no boots)
Will    .....        a - amulet of regeneration Stlth
                     g - ring of protection from cold
HPRegen 1.07/turn    (no ring)
MPRegen 0.10/turn

%: no passive effects
@: about to teleport
A: sickness immunity, AC +4, negative energy resistance 1, electricity
resistance, torment resistance 1, petrification resistance, low MP 1, mutation
resistance 1
a: Renounce Religion


You were on level 5 of the Dungeon.
You worshipped Okawaru.
Okawaru was noncommittal.
You visited 2 branches of the dungeon, and saw 6 of its levels.

You collected 201 gold pieces.
You spent 90 gold pieces at shops.


Innate Abilities, Weirdness & Mutations

You are immune to sickness and miasma.
Your stone body is resilient. (AC +4)
You are immune to poison.
You resist negative energy. (rN+)
You are resistant to electric shocks. (rElec)
You are resistant to unholy torment.
You are immune to petrification.
Your magical capacity is low. (-10% MP)
You are somewhat resistant to further mutation.


   Skills:
 - Level 4.7 Fighting
 + Level 6.4 Axes
 - Level 1.2 Throwing
 - Level 3.2 Armour
 - Level 1.7 Dodging
 - Level 3.2 Shields


You had 6 spell levels left.
You didn't know any spells.
Your spell library was empty.

Inventory:

Hand Weapons
 i - a +0 flail
 Y - a +0 war axe of freezing (weapon)
Missiles
 f - 5 javelins (quivered)
Armour
 c - a +0 buckler (worn)
 j - a +0 chain mail (worn)
Jewellery
 a - an amulet of regeneration (around neck)
 g - a ring of protection from cold (left hand)
Scrolls
 h - a scroll of identify
Potions
 b - a potion of attraction
 d - 2 potions of might
 e - a potion of curing
 n - a potion of lignification

Dungeon Overview and Level Annotations

Branches:
Dungeon (5/15)             Temple (1/1) D:4

Altars:
Ashenzari
Cheibriados
Dithmenos
Elyvilon
Fedhas
Hepliaklqana
Kikubaaqudgha
Makhleb
Okawaru
Qazlal
Sif Muna
Trog
Uskayaw
Vehumet
Wu Jian
Xom
Yredelemnul
Zin
The Shining One

Shops:
D:5 :


Message History

The hound stops to sniff the ground.
The hound bites you.
You closely miss the hound.
The hound is lightly wounded.
The hound bites you.
The gnoll hits you from afar with a +0 halberd!
The gnoll barely misses you. The hound bites you but does no damage.
You completely miss the hound.
The hound is lightly wounded.
The hound bites you. The gnoll hits you but does no damage.
You block the gnoll's attack.
You barely miss the hound.
The hound is lightly wounded.
The hound bites you but does no damage. The gnoll closely misses you. x2
The hound bites you.
You closely miss the hound.
The hound is lightly wounded.
The hound barely misses you. The gnoll closely misses you. x2
The hound barely misses you.
The gnoll hits you from afar with a +0 halberd.
The gnoll barely misses you.
You hit the hound. You freeze the hound.
The hound is heavily wounded.
The hound bites you but does no damage. The gnoll closely misses you.
The gnoll hits you but does no damage. The hound bites you but does no damage.
You hit the hound. You freeze the hound.
The hound is severely wounded.
The hound bites you but does no damage.
The gnoll hits you from afar with a +0 halberd!
You block the gnoll's attack.
3133 ||| READING scroll of teleportation.
As you read the scroll of teleportation, it crumbles to dust.
You feel strangely unstable. The hound closely misses you.
The gnoll completely misses you. The hound bites you.
The gnoll closely misses you.
You miss the hound.
The hound is severely wounded.
The hound bites you but does no damage. The gnoll hits you but does no damage.
The gnoll hits you from afar with a +0 halberd!
You die...

#.#.#..#.#...#...P......
#.#.#).......#...~.~....
....#)##)....##.P~.~P... #.#
..###.##.....##..~.~.... #..
..#<).##.....##..)P~.... ###
......##......'...PPP......#
...
......##....###............#
.## ......##....#
#..####......# ......##....#
#.@# #......# ......#######
#)%hg0#...... .......#
##..#g!#.#..# .......#
#<..####....## .......#
##.......##).###### ###....#
###.#.....#......# #....#
...#.#.#.#......# #....#
...###...7.7......# ######
..... ###.7.7#.######


You could see a hound and 2 gnolls.

Vanquished Creatures
  A black bear (D:4)
  A centaur (D:4)
  An ogre (D:5)
  3 hounds
  An orc priest (D:5)
  An iguana (D:4)
  2 orc wizards (D:5)
  A mummy (D:3)
  6 gnolls
  8 adders
  A white imp (D:5)
  3 dart slugs
  14 orcs
  11 endoplasms
  A giant cockroach (D:1)
  3 goblins
  4 hobgoblins
  8 kobolds
  6 quokkas
  9 ball pythons
  6 bats
  3 frilled lizards
  6 rats
100 creatures vanquished.

Notes
Turn   | Place    | Note
-------+----------+-------------------------------------------
     0 | D:1      | qw the Gargoyle Fighter began the quest for the Orb.
     0 | D:1      | Reached XP level 1. HP: 14/14 MP: 1/1
     0 | D:1      | 0 ||| qw: Version: 0.2-a-123-gb51047a
     0 | D:1      | 0 ||| qw: Game counter: 3745
     0 | D:1      | 0 ||| qw: Always use a shield: true
     0 | D:1      | 0 ||| qw: God list: Okawaru
     0 | D:1      | 0 ||| qw: Allow faded altars: false
     0 | D:1      | 0 ||| qw: Do Orc after D:15 true
     0 | D:1      | 0 ||| qw: Do second Lair branch before Depths: true
     0 | D:1      | 0 ||| qw: Lair rune preference: random
     0 | D:1      | 0 ||| qw: Plans: Normal, Zot:1-4, Slime:5, God:TSO, Crypt,
                  | Tomb, Abyss, Pan, Hells, Win
     0 | D:1      | 0 ||| PLANNING D:1-11
    23 | D:1      | 23 ||| Stepping ~*~*~tactically~*~*~ (stealth).
    32 | D:1      | Reached skill level 2 in Axes
    92 | D:1      | 92 ||| Stepping ~*~*~tactically~*~*~ (hiding).
   101 | D:1      | Reached XP level 2. HP: 19/19 MP: 2/2
   202 | D:1      | 202 ||| Stepping ~*~*~tactically~*~*~ (hiding).
   205 | D:1      | 205 ||| Stepping ~*~*~tactically~*~*~ (hiding).
   206 | D:1      | 206 ||| Stepping ~*~*~tactically~*~*~ (hiding).
   207 | D:1      | 207 ||| Stepping ~*~*~tactically~*~*~ (hiding).
   208 | D:1      | 208 ||| Stepping ~*~*~tactically~*~*~ (hiding).
   209 | D:1      | 209 ||| Stepping ~*~*~tactically~*~*~ (hiding).
   501 | D:1      | Reached skill level 3 in Axes
   552 | D:1      | Reached XP level 3. HP: 23/23 MP: 3/3
   711 | D:1      | 711 ||| READING scroll labelled KAHASU CEJU.
   712 | D:1      | 712 ||| READING scroll labelled NEGGYN TOHY.
   713 | D:1      | 713 ||| READING scroll labelled YDURGH KAEBUGIULIC.
   774 | D:2      | Noticed a floating eye
   775 | D:2      | Found a faded altar of an unknown god.
   777 | D:2      | 777 ||| Stepping ~*~*~tactically~*~*~ (hiding).
   779 | D:2      | 779 ||| Stepping ~*~*~tactically~*~*~ (hiding).
   789 | D:2      | Reached XP level 4. HP: 17/28 MP: 4/4
   793 | D:2      | Reached skill level 4 in Axes
   871 | D:2      | 871 ||| DROPPING +0 club.
   876 | D:2      | Noticed a shining eye
   878 | D:2      | Noticed a golden eye
   878 | D:2      | Noticed an eye of devastation
   934 | D:2      | 934 ||| Stepping ~*~*~tactically~*~*~ (stealth).
   935 | D:2      | 935 ||| Stepping ~*~*~tactically~*~*~ (stealth).
   936 | D:2      | 936 ||| Stepping ~*~*~tactically~*~*~ (stealth).
  1422 | D:2      | 1422 ||| UPGRADING to ring of protection from cold.
  1423 | D:2      | 1423 ||| READING scroll labelled GOGRAT BOMEHI.
  1443 | D:2      | 1443 ||| READING scroll labelled FOMPID XENE WIKES.
  1510 | D:3      | 1510 ||| DROPPING +0 whip.
  1613 | D:3      | Reached XP level 5. HP: 32/32 MP: 5/5
  1683 | D:3      | Found a snail-covered altar of Cheibriados.
  1799 | D:3      | 1799 ||| Stepping ~*~*~tactically~*~*~ (stealth).
  1886 | D:3      | Reached skill level 5 in Axes
  2074 | D:3      | Identified the +6 rapier "Gostoc" {spect, rPois rF- rCorr}
  2085 | D:3      | 2085 ||| UPGRADING to +0 chain mail.
  2095 | D:3      | 2095 ||| DROPPING +0 scale mail.
  2096 | D:3      | 2096 ||| UPGRADING to amulet of regeneration.
  2101 | D:3      | 2101 ||| READING scroll labelled RETUNA HEBI.
  2102 | D:3      | 2102 ||| READING scroll labelled EDDYDD XAUSIF.
  2103 | D:3      | 2103 ||| DRINKING 2 sedimented black potions.
  2104 | D:3      | 2104 ||| DRINKING 2 fizzy black potions.
  2104 | D:3      | Gained mutation: You have hidden genetic defects. [potion
                  | of mutation]
  2104 | D:3      | Gained mutation: Your muscles are strong. (Str +4, Int/Dex
                  | -1) [potion of mutation]
  2105 | D:3      | 2105 ||| READING 2 scrolls of identify.
  2105 | D:3      | 2105 ||| IDENTIFYING viscous coppery potion
  2106 | D:3      | 2106 ||| DROPPING potion of ambrosia.
  2210 | D:4      | Noticed a centaur
  2220 | D:4      | Killed a centaur
  2221 | D:4      | Reached XP level 6. HP: 34/39 MP: 6/6
  2225 | D:4      | Gained mutation: Potions are less effective at restoring
                  | your health. [hidden defects]
  2255 | D:4      | 2255 ||| DRINKING potion of mutation.
  2255 | D:4      | Lost mutation: Potions are less effective at restoring your
                  | health. [potion of mutation]
  2255 | D:4      | Lost mutation: Your muscles are strong. (Str +4, Int/Dex
                  | -1) [potion of mutation]
  2255 | D:4      | Lost mutation: You have hidden genetic defects. [potion of
                  | mutation]
  2255 | D:4      | Gained mutation: You are somewhat resistant to further
                  | mutation. [potion of mutation]
  2255 | D:4      | Gained mutation: Your magical capacity is low. (-10% MP)
                  | [potion of mutation]
  2264 | D:4      | 2264 ||| Stepping ~*~*~tactically~*~*~ (stealth).
  2315 | D:4      | Found a staircase to the Ecumenical Temple.
  2316 | D:4      | 2316 ||| PLANNING TEMPLE
  2316 | D:4      | 2316 ||| DRINKING 2 fizzy sapphire potions.
  2323 | Temple   | Entered the Ecumenical Temple
  2336 | Temple   | 2336 ||| PLANNING D:1-11
  2478 | D:4      | Noticed a black bear
  2485 | D:4      | Killed a black bear
  2510 | D:4      | Found a white marble altar of Elyvilon.
  2587 | D:4      | 2587 ||| READING scroll labelled QAEC ZIYSUNIA.
  2592 | D:5      | Entered Level 5 of the Dungeon
  2595 | D:5      | 2595 ||| STAIRDANCE
  2628 | D:5      | 2628 ||| DRINKING potion of curing.
  2628 | D:5      | 2628 ||| (to cure confusion)
  2633 | D:5      | Reached skill level 6 in Axes
  2633 | D:5      | Reached XP level 7. HP: 44/44 MP: 6/6
  2637 | D:5      | 2637 ||| FLEEEEING.
  2638 | D:5      | 2638 ||| FLEEEEING.
  2684 | D:5      | Found Zin's Purification Station.
  2698 | D:5      | Found a glowing silver altar of Zin.
  2701 | D:5      | 2701 ||| BUYING potion of curing (90 gold).
  2701 | D:5      | Bought a potion of curing for 90 gold pieces
  2776 | D:5      | Found Ycyne's Book Boutique.
  2778 | D:5      | 2778 ||| Stepping ~*~*~tactically~*~*~ (hiding).
  2780 | D:5      | 2780 ||| Stepping ~*~*~tactically~*~*~ (hiding).
  2825 | D:5      | Reached skill level 1 in Throwing
  2839 | D:5      | Found an iron altar of Okawaru.
  2840 | D:5      | 2840 ||| PLANNING OKAWARU WORSHIP
  2840 | D:5      | 2840 ||| DRINKING 2 sapphire potions.
  2871 | D:5      | Reached skill level 1 in Dodging
  2885 | D:5      | Became a worshipper of Warmaster Okawaru
  2885 | D:5      | 2885 ||| PLANNING D:1-11
  2889 | D:5      | 2889 ||| Stepping ~*~*~tactically~*~*~ (stealth).
  2891 | D:5      | 2891 ||| Stepping ~*~*~tactically~*~*~ (hiding).
  3132 | D:5      | HP: 8/44 [gnoll/+0 halberd (9)]
  3133 | D:5      | 3133 ||| READING scroll of teleportation.
  3134 | D:5      | Slain by a gnoll

Levels and vault maps discovered:
D:1:      lightli_arrival_boilingwater, layout_basic, nrook_mini_backslash,
          item_on_display_a
D:2:      layout_loops_ring, hellmonk_ecumenical_altar_watching_god
D:3:      layout_basic, slow_altar_1
D:4:      layout_cave_pools, marbit_many_paths,
          minmay_temple_entry_gardened_gates
D:5:      layout_basic, okawaru_metal_pillars_1_2, zin_purify, serial_shops,
          nicolae_shop_peninsula, dreamdust_gnoll_farm
Temple:   hellmonk_temple_two_chambers

Skill      XL: |  1  2  3  4  5  6  7 |
---------------+----------------------+-----
Axes           | 2 3 4 5 6 |  6.4
Fighting       | 4 |  4.7
Throwing       | 1 |  1.2
Dodging        | 1 |  1.7
Armour         | |  3.2
Shields        | |  3.2

Action                     |  1- 3 |  4- 6 |  7- 9 || total
---------------------------+-------+-------+-------++-------
  Melee: War axe           |    57 |   157 |    57 ||   271
  Throw: Javelin           |       |       |     5 ||     5
    Use: Scroll            |     3 |     6 |     1 ||    10
         Potion            |       |     5 |     1 ||     6
 Armour: Scale mail        |    41 |    36 |       ||    77
         Chain mail        |       |    63 |    28 ||    91
  Dodge: Dodged            |    37 |    75 |    42 ||   154
  Block: Buckler           |    13 |    24 |    11 ||    48

Table legend:
 A = Non-vault XP
 B = Vault XP
 C = Vault XP percentage of total XP
 D = Non-vault monster count
 E = Vault monster count
 F = Vault count percentage of total count
                 A         B        C        D         E       F
            +---------+---------+-------+---------+---------+-------
      Total |     890 |     110 |  11.0 |      94 |       6 |   6.0
            +---------+---------+-------+---------+---------+-------
        D:1 |      40 |       0 |   0.0 |      21 |       0 |   0.0
        D:2 |     120 |       0 |   0.0 |      27 |       0 |   0.0
        D:3 |      63 |      21 |  25.0 |      17 |       1 |   5.6
        D:4 |     362 |       2 |   0.5 |      14 |       1 |   6.7
        D:5 |     305 |      87 |  22.2 |      15 |       4 |  21.1
            +---------+---------+-------+---------+---------+-------
